 Dungeon Crawl Stone Soup version 0.28-a0-1632-g283549b12f (webtiles) character file.

Game seed: 11743804745072444594

9349 Ijustatesigmund the Fighter (level 11, -4/74 HPs)
             Began as a Gargoyle Delver on Jan 25, 2022.
             Was a Follower of the Shining One.
             Slain by a minotaur (27 damage)
             ... in a Gauntlet.
             The game lasted 00:22:09 (12457 turns).

Ijustatesigmund the Fighter (Gargoyle Delver)      Turns: 12457, Time: 00:22:09

Health: -4/74      AC: 32    Str: 20    XL:     11   Next: 45%
Magic:  12/15      EV:  7    Int: 15    God:    the Shining One [*.....]
Gold:   688        SH: 13    Dex: 11    Spells: 10/10 levels left

rFire   + . .      SeeInvis .   a - +6 whip "Weciblig" {spect, Int+4}
rCold   + + .      Faith    .   (no shield)
rNeg    + . .      Spirit   .   b - +0 plate armour
rPois   ∞          Reflect  +   n - +2 helmet
rElec   +          Harm     .   j - +1 cloak
rCorr   +          Rampage  .   (no gloves)
Will    .....      NoTele   +   (no boots)
Stlth   ..........              z - amulet of reflection
HPRegen 0.22/turn               y - ring of protection from cold
MPRegen 0.14/turn               h - +4 ring of protection

@: divinely shielded, resistant, glowing, studying Translocations
A: sickness immunity, AC +8, negative energy resistance 1, electricity
resistance, torment resistance 1, petrification resistance
a: Renounce Religion, Divine Shield


You were in a Gauntlet.
You worshipped the Shining One.
The Shining One was aware of your devotion.
You visited 2 branches of the dungeon, and saw 12 of its levels.
You also visited: Gauntlet.

You collected 688 gold pieces.

Inventory:

Hand Weapons
 a - the +6 whip "Weciblig" (weapon) {spect, Int+4}
   (You found it on level 2 of the Dungeon)

   When its wielder attacks, the weapon's spirit leaps out and strikes again.
   The spirit shares a part of any damage it takes with its wielder.
   Int:       It affects your intelligence (+4).
Armour
 b - a +0 plate armour (worn)
 j - a +1 cloak (worn)
 n - a +2 helmet (worn)
Jewellery
 h - a +4 ring of protection (right hand)
 k - a ring of resist corrosion
 s - a +6 ring of strength
 w - a ring of protection from fire
 y - a ring of protection from cold (left hand)
 z - an amulet of reflection (around neck)
Wands
 g - a wand of digging (2)
Scrolls
 c - 4 scrolls of fog
 d - 3 scrolls of magic mapping
 e - 4 scrolls of fear
 l - a scroll of summoning
 m - a scroll of amnesia
 r - 2 scrolls of teleportation
 u - 2 scrolls of silence
 v - 4 scrolls of identify
 x - a scroll of enchant weapon
Potions
 i - a potion of mutation
 o - a potion of resistance
 p - a potion of magic
 t - 2 potions of flight
Miscellaneous
 f - a phantom mirror (inert)


   Skills:
 + Level 11.0 Fighting
 + Level 10.2 Maces & Flails
 + Level 10.1 Armour
 - Level 1.5 Dodging
 - Level 5.4 Stealth
 + Level 6.4 Invocations


You had 10 spell levels left.
You didn't know any spells.
Your spell library contained the following spells:

 Spells                   Type           Power      Damage    Failure   Level
 Gell's Gravitas          Tloc           0%         N/A       100%        3
 Lesser Beckoning         Tloc           0%         N/A       100%        3
 Teleport Other           Tloc           0%         N/A       100%        3
 Animate Armour           Summ/Erth      0%         N/A       100%        4
 Blade Hands              Tmut           0%         N/A       100%        5
 Summon Forest            Summ/Tloc      0%         N/A       100%        5
 Eringya's Noxious Bog    Tmut/Pois      0%         N/A       100%        6
 Iron Shot                Conj/Erth      0%         9d1       100%        6
 Summon Hydra             Summ           0%         N/A       100%        7


Dungeon Overview and Level Annotations

Branches:
Dungeon (11/15)            Temple (1/1) D:7            Lair (0/6) D:10
Gauntlet (1/1)
    Orc: D:9-12

Altars:
Ashenzari
Cheibriados
Dithmenos
Elyvilon
Fedhas
Gozag
Hepliaklqana
Kikubaaqudgha
Makhleb
Nemelex Xobeh
Okawaru
Qazlal
Ru
Sif Muna
Trog
Uskayaw
Vehumet
Wu Jian
Xom
Yredelemnul
Zin
The Shining One

Annotations:
D:5 2 runed translucent doors, Longtemps's ghost, novice OpFE
D:8 2 transporters, Gargoyl's ghost, novice GnAK
D:10 exclusion: orange crystal statue Gauntlet 3 transporters


Innate Abilities, Weirdness & Mutations

You are immune to sickness and miasma.
Your stone body is resilient. (AC +8)
You are immune to poison.
You resist negative energy. (rN+)
You are resistant to electric shocks. (rElec)
You are resistant to unholy torment.
You are immune to petrification.


Message History

You destroy the shadow!
The Shining One accepts your kill.
You feel better.
There is a transporter landing site here.
There is a transporter here.
c - 4 scrolls of fog (gained 1)
The hell hound barks!
There is a transporter here.
You enter the transporter and appear at another place.
The hell hound barks!
The balrug shouts!
There is a transporter here.
The hell hound pauses to sniff the ground.
There is a transporter here.
You enter the transporter and appear at another place.
You open the door.
A minotaur comes into view.
It is wielding the +10 short sword of Infinite Pain {speed, Int+2}.
The minotaur bellows!
The minotaur throws a javelin.
The javelin pierces through you!!
Found four items.
Found a gate leading back out of this place.
The minotaur throws a javelin.
The javelin pierces through you!!
There is an open door here.
The minotaur throws a javelin.
The javelin pierces through you but does no damage.
You block the minotaur's attack.
The minotaur gores you but does no damage.
You barely miss the minotaur.
The minotaur furiously retaliates!
The minotaur headbutts you, but does no damage.
Your +6 whip "Weciblig" {spect, Int+4} closely misses the minotaur.
The minotaur hits you with the +10 short sword of Infinite Pain {speed, Int+2}.
* * * LOW HITPOINT WARNING * * *
The minotaur gores you but does no damage.
Okay, then.
A divine shield forms around you! You block the minotaur's attack.
The minotaur gores you but does no damage.
You hit the minotaur.
The minotaur is lightly wounded.
Your +6 whip "Weciblig" {spect, Int+4} hits the minotaur.
The minotaur hits you with the +10 short sword of Infinite Pain {speed, Int+2}!!
You die...

#...### ### #...#...#8.
... ....#.8.#©.
##.###.8.#.⌠.#8. ...
..©.#.8.###
..#.#.8.#...#..
#########.#.#.©.#...###
#8[8/8.8#...#.8.#.8.#..
#∩...H@.'.###.©.#.∩.#.#
#8:8=8(8#...#.8.#.8.#.#
#########.#.#.©.#...#.#
#.....#.#.8.#...#..
#8........©.#.8.###
##.##.###.8.#.⌠.#8.
#..........#.8.#©.
########...#...#8.
#≈≈≈#...###


You could see a minotaur and a friendly +6 whip "Weciblig" {spect, Int+4}
(summoned).

Vanquished Creatures
  A two-headed ogre (D:6)
  An ice statue (D:10)
  An eye of devastation (Gauntlet)
  A gargoyle (D:11)
  A troll (D:9)
  A queen bee (Gauntlet)
  A hornet (D:9)
  2 wyverns
  A wraith (D:9)
  3 shadows (Gauntlet)
  A golden eye (Gauntlet)
  6 yaks
  2 water moccasins
  3 orc warriors
  An ice beast (D:8)
  A necrophage (D:6)
  An ogre (D:5)
  7 centaurs
  5 bullfrogs
  A kobold brigand (D:9)
  3 scorpions
  A wyvern zombie (D:8)
  2 wyvern skeletons (D:7)
  5 killer bees (Gauntlet)
  3 howler monkeys
  5 centaur zombies
  A bullfrog zombie (D:5)
  4 hounds
  A jelly (D:7)
  8 orc priests
  A gnoll shaman (D:4)
  5 iguanas
  8 orc wizards
  A killer bee zombie (D:7)
  A hound skeleton (D:4)
  A howler monkey zombie (D:6)
  5 adders
  6 gnolls
  A shadow imp (D:7)
  A worm (D:2)
  2 dart slugs (D:1)
  22 orcs
  9 ball pythons
  4 bats
  4 endoplasms
  4 giant cockroaches
  5 hobgoblins
  5 jackals
  13 kobolds
  4 quokkas
  4 frilled lizards
  7 goblins
  7 rats
194 creatures vanquished.

Vanquished Creatures (collateral kills)
  A boulder beetle (D:11)
1 creature vanquished.

Vanquished Creatures (others)
  10 plants
10 creatures vanquished.

Grand Total: 205 creatures vanquished

Notes
Turn   | Place    | Note
-------+----------+-------------------------------------------
     0 | D:5      | Ijustatesigmund the Gargoyle Delver began the quest for the
                  | Orb.
     0 | D:5      | Reached XP level 1. HP: 14/14 MP: 1/1
    55 | D:5      | Noticed a hound
    68 | D:5      | Killed a hound
    69 | D:5      | Reached XP level 2. HP: 19/20 MP: 2/2
    69 | D:5      | Reached XP level 3. HP: 23/24 MP: 3/3
    90 | D:5      | Noticed a centaur
   696 | D:2      | Reached skill level 4 in Fighting
   743 | D:1      | Reached XP level 4. HP: 17/29 MP: 4/4
  1031 | D:1      | Found a faded altar of an unknown god.
  1753 | D:2      | Identified the +6 whip "Weciblig" {spect, Int+4}
  2134 | D:3      | HP: 1/29 [orc priest/divine providence (16)]
  2143 | D:3      | Reached skill level 1 in Armour
  2143 | D:3      | Reached XP level 5. HP: 2/34 MP: 5/5
  2147 | D:3      | HP: 1/34 [orc priest/divine providence (12)]
  3055 | D:3      | Reached XP level 6. HP: 40/40 MP: 6/6
  3258 | D:3      | Found a stormy altar of Qazlal.
  3260 | D:3      | Noticed a water elemental
  3261 | D:3      | Noticed an air elemental
  3261 | D:3      | Noticed a fire elemental
  3652 | D:4      | Reached skill level 5 in Fighting
  4386 | D:5      | Reached skill level 5 in Maces & Flails
  4654 | D:5      | Found a large runed translucent door.
  4654 | D:5      | Found a large runed translucent door.
  4656 | D:5      | Noticed Longtemps's ghost (novice OpFE)
  4688 | D:5      | Reached XP level 7. HP: 44/45 MP: 7/7
  5217 | D:5      | Reached skill level 6 in Fighting
  5360 | D:5      | Found a burning altar of Makhleb.
  5700 | D:6      | Noticed a two-headed ogre
  5974 | D:7      | Reached XP level 8. HP: 52/52 MP: 8/8
  6292 | D:7      | Reached skill level 5 in Armour
  6523 | D:7      | Found a staircase to the Ecumenical Temple.
  6532 | Temple   | Entered the Ecumenical Temple
  6876 | D:7      | Reached skill level 7 in Fighting
  7578 | D:8      | Noticed a centaur warrior
  7578 | D:8      | Noticed a wyvern
  7580 | D:8      | Noticed Gargoyl's ghost (novice GnAK)
  7580 | D:8      | Noticed a hornet
  7706 | D:8      | Found a transporter.
  7706 | D:8      | Found a transporter.
  7708 | D:8      | Noticed a cyclops
  7721 | D:8      | Noticed a wyvern
  7726 | D:8      | Killed a wyvern
  7727 | D:8      | Reached XP level 9. HP: 48/59 MP: 9/9
  7833 | D:8      | Reached skill level 8 in Fighting
  8102 | D:9      | Noticed a cyclops
  8110 | D:10     | Entered Level 10 of the Dungeon
  8159 | D:9      | Noticed a hornet
  8163 | D:9      | Killed a hornet
  8211 | D:9      | Noticed a troll
  8221 | D:9      | Killed a troll
  8425 | D:9      | Identified the +1 scale mail "Fucet" {Rampage}
  8535 | D:9      | Found a shadowy altar of Dithmenos.
  8539 | D:9      | Found an ancient bone altar of Kikubaaqudgha.
  8541 | D:9      | Found a glowing golden altar of the Shining One.
  8542 | D:9      | Found a shimmering altar of Xom.
  8548 | D:9      | Became a worshipper of the Shining One
  8746 | D:6      | Reached skill level 9 in Fighting
  8746 | D:6      | Reached skill level 1 in Invocations
  8828 | D:6      | Reached XP level 10. HP: 66/66 MP: 11/11
  8918 | D:6      | Killed a two-headed ogre
  9837 | D:9      | Found a sacrificial altar of Ru.
 10088 | D:9      | Found a shimmering blue altar of Sif Muna.
 10646 | D:10     | Reached skill level 10 in Fighting
 10664 | D:10     | Noticed an ice statue
 10688 | D:10     | Killed an ice statue
 10817 | D:10     | Found a staircase to the Lair.
 10929 | D:10     | Noticed an orange crystal statue
 10929 | D:10     | Reached * piety under the Shining One
 10959 | D:10     | Reached skill level 5 in Invocations
 11421 | D:11     | Reached XP level 11. HP: 73/73 MP: 14/14
 11595 | D:11     | Noticed a boulder beetle
 11684 | D:11     | Killed a boulder beetle
 11825 | D:11     | Reached skill level 10 in Maces & Flails
 11868 | D:11     | Found a gate leading to a gauntlet.
 11878 | Gauntlet | Entered a Gauntlet
 11878 | Gauntlet | Found a transporter.
 11888 | Gauntlet | Found a transporter.
 11900 | Gauntlet | Found a transporter.
 11902 | Gauntlet | Found a transporter.
 12078 | Gauntlet | Found a transporter.
 12090 | Gauntlet | Reached skill level 10 in Armour
 12384 | Gauntlet | Found a transporter.
 12384 | Gauntlet | Found a transporter.
 12398 | Gauntlet | Found a transporter.
 12398 | Gauntlet | Found a transporter.
 12398 | Gauntlet | Found a transporter.
 12405 | Gauntlet | Reached skill level 11 in Fighting
 12430 | Gauntlet | Noticed a balrug
 12451 | Gauntlet | Identified the +10 short sword of Infinite Pain {speed,
                  | Int+2}
 12451 | Gauntlet | Noticed a minotaur
 12457 | Gauntlet | Slain by a minotaur

Illustrated notes

Levels and vault maps discovered:
D:1:      minmay_arrival_hallway, layout_loops_cross,
          hellmonk_ecumenical_altar_inner_sanctum,
          minmay_misc_feat_secret_circle, minmay_statues_item, st_stairs_1,
          chequers_mini_garden, lexackson_kobold_supper
D:2:      layout_basic
D:3:      mumra_celtic_spiral_tile, layout_loops_ring,
          nicolae_qazlal_style_of_elements, kennysheep_generic_room_16
D:4:      layout_cave_pools
D:5:      layout_basic, makhleb_blood_cavern_becter, serial_co_window_serial,
          co_window_of_opportunity_a, co_window_paths_a, co_window_corner_a,
          co_window_paths_b, co_window_paths_a, co_window_paths_a,
          co_window_of_opportunity_a, co_window_corner_b, co_window_corner_b,
          co_window_2corner, co_window_paths_e, glass_columns_b,
          glass_columns_a, glass_columns_c, ebering_ghost_disaster_area
D:6:      layout_basic, minmay_manual_mares
D:7:      layout_basic, temple_hall, chequers_serial_rivers_large_b
D:8:      layout_loops_ring, nzn_ghost_randoct, nicolae_elevator_lobby_asterisk
D:9:      layout_small_grid, mainiacjoe_overflow_paths,
          mainiacjoe_overflow_alcove_3, lemuel_blue_sif_altar
D:10:     minmay_separated_statues, layout_loops_ring, lair_entry_dummy,
          minmay_misc_feat_enclosed
D:11:     layout_basic, gauntlet_entry_generic, chequers_decorated_corner,
          kennysheep_nondescript, minmay_misc_feat_roman, elyvilon_altar_3
Temple:   minmay_temple_curvy_branch
Gauntlet: gammafunk_gauntlet_77_escape_option [minmay_gauntlet_arena_77_museum,
          minmay_gauntlet_arena_77_block_sizes, minmay_gauntlet_arena_77_mirror,
          minmay_gauntlet_arena_77_terracotta_army,
          minmay_gauntlet_arena_77_chump_sandwich,
          nicolae_gauntlet_exit_dead_adventurers]

Skill      XL: |  1  2  3  4  5  6  7  8  9 10 11 |
---------------+----------------------------------+-----
Maces & Flails | 3 4 5 7 8 9 10 | 10.2
Fighting       | 4 5 6 7 9 10 11 | 11.0
Armour         | 1 2 3 4 6 8 9 10 | 10.1
Invocations    | 2 5 6 |  6.4
Dodging        | |  1.5
Stealth        | |  5.4

Action                   |  1- 3 |  4- 6 |  7- 9 | 10-12 || total
-------------------------+-------+-------+-------+-------++-------
Melee: Mace              |    95 |    61 |       |       ||   156
       Whip              |       |    89 |   181 |   301 ||   571
       Punch             |       |     3 |     4 |    11 ||    18
Invok: Divine Shield     |       |       |       |     2 ||     2
Evoke: Wand              |       |     1 |     2 |     3 ||     6
       Phantom mirror    |       |       |       |     1 ||     1
  Use: Scroll            |       |     7 |     2 |     9 ||    18
       Potion            |       |     6 |       |    14 ||    20
 Stab: Distracted        |       |       |     2 |       ||     2
Armor: Leather armour    |     2 |       |       |       ||     2
       Plate armour      |   126 |   109 |   102 |   169 ||   506
       Skin              |       |       |       |    12 ||    12
Dodge: Dodged            |    56 |    38 |    48 |    78 ||   220
Block: Other             |       |       |       |    25 ||    25

Table legend: (Time is in decaauts)
 A = Elapsed time spent in this place.
 B = Non-inter-level travel time spent in this place.
 C = Inter-level travel time spent in this place.
 D = Time resting spent in this place.
 E = Time spent auto-exploring this place.
 F = Levels seen in this place.
 G = Mean time per level.
                   A        B        C        D        E       F      G
               +--------+--------+--------+--------+--------+-----+--------+
         Total |  12360 |  11923 |    437 |   2250 |   7942 |  13 |  950.8 |
       Dungeon |  11554 |  11123 |    431 |   1835 |   7697 |  11 | 1050.4 |
        Temple |    251 |    246 |      5 |      0 |    245 |   1 |  251.0 |
      Gauntlet |    554 |    554 |      0 |    415 |      0 |   1 |  554.0 |
               +--------+--------+--------+--------+--------+-----+--------+

Top non-repeatable levels by time:
     D:3: 1846 daAuts
     D:5: 1443 daAuts
     D:6: 1198 daAuts
     D:7: 1151 daAuts
     D:1: 1045 daAuts
    D:10: 1044 daAuts
     D:9: 966 daAuts
     D:8: 911 daAuts
     D:4: 766 daAuts
     D:2: 661 daAuts
Gauntlet: 554 daAuts
    D:11: 518 daAuts
  Temple: 251 daAuts
